 Dungeon Crawl Stone Soup version 0.28.0 (webtiles) character file.

Game seed: 8247109865278323925

52 danielguo94 the Chopper (level 3, 0/34 HPs)
             Began as a Minotaur Berserker on Feb 18, 2022.
             Was a Follower of Trog.
             Slain by Sigmund (7 damage)
             ... on level 2 of the Dungeon.
             The game lasted 00:02:09 (1167 turns).

danielguo94 the Chopper (Minotaur Berserker)        Turns: 1167, Time: 00:02:10

Health: 0/34       AC:  2    Str: 21    XL:     3   Next: 60%
Magic:  2/2        EV: 12    Int:  4    God:    Trog [*.....]
Gold:   50         SH:  0    Dex: 11    Spells: 2/2 levels left

rFire   . . .      SeeInvis .   a - +0 hand axe
rCold   . . .      Faith    .   (no shield)
rNeg    . . .      Spirit   .   b - +0 animal skin
rPois   .          Reflect  .   (helmet restricted)
rElec   .          Harm     .   (no cloak)
rCorr   .          Rampage  .   (no gloves)
Will    ++...                   (no boots)
Stlth   +.........              (no amulet)
HPRegen 1.11/turn               (no ring)
MPRegen 0.08/turn               (no ring)

@: strong-willed (expiring), on berserk cooldown, regenerating (expiring),
slowed, very slow
A: horns 2, retaliatory headbutt
a: Renounce Religion, Berserk


You were on level 2 of the Dungeon.
You worshipped Trog.
Trog was aware of your devotion.
You visited 1 branch of the dungeon, and saw 2 of its levels.

You collected 50 gold pieces.

Inventory:

Hand Weapons
 a - a +0 hand axe (weapon)
 g - a +0 morningstar
Missiles
 e - 61 stones (quivered)
Armour
 b - a +0 animal skin (worn)
Scrolls
 d - a scroll of identify {unknown}
 f - a scroll of teleportation
Potions
 c - a potion of berserk rage {unknown}
 h - a potion of lignification
 i - a potion of heal wounds {unknown}


   Skills:
 + Level 4.3 Fighting
 + Level 4.7 Axes
 + Level 2.6 Armour
 + Level 2.5 Dodging


You had 2 spell levels left.
You didn't know any spells.
Your spell library was empty.

Dungeon Overview and Level Annotations

Branches:
Dungeon (2/15)

Altars:

Annotations:
D:2 Sigmund


Innate Abilities, Weirdness & Mutations

You have a pair of horns on your head.
You reflexively headbutt those who attack you in melee.


Message History

Deactivating autopickup; reactivate with Ctrl-A.
You miss something. Something hits you but does no damage.
You hit something. Something completely misses you.
You miss something. Something hits you but does no damage.
You nearly hit yourself!
Something hits you but does no damage.
You attack the rock wall.
Something hits you but does no damage.
You miss something.
You feel less confused. Something hits you!
* * * LOW HITPOINT WARNING * * *
You barely miss something. Something hits you but does no damage.
Okay, then.
Unknown command.
Your skin crawls.
You feel strong-willed.
You can no longer call upon Trog for regeneration and willpower.
Something hits you but does no damage.
You hit something but do no damage.
Your transformation is almost over.
You hear some strange, mumbled words.
Something tries to affect you, but you resist.
Something hits you!
* * * LOW HITPOINT WARNING * * *
You hit something. Something hits you.
* * * LOW HITPOINT WARNING * * *
You hit something. You punch something. Something hits you but does no damage.
You barely miss something.
You feel the effects of Trog's Hand fading.
A hobgoblin comes into view.
Something hits you.
* * * LOW HITPOINT WARNING * * *
You closely miss something.
The hobgoblin shouts!
You punch something. Something hits you but does no damage.
You closely miss something. Something completely misses you.
You barely miss something.
You feel less wooden.
Your +0 animal skin unmelds from your body.
Something hits you!
You die...

.. ###
(.....#..)##..#...
#. ..# ....
#.#.###.#..# .. #.#
... #†###...##..#
.####.# ...
#...#.#.#...#
..##.#
#.###.##.###.##.# #
#.##.# #....# #.
#...#.#
#.##.##.#######.g##
##..#.##.#
#.............{.#
..####...#
####.#########@.#
###....#...
#...†..# #...#
#.####... #.##.#.#
#.....# #.......
#.#..#.# #.....#
###.###. #.#.##.#
####...##.....# .
###.#.##.#
........b.# .
.........#
........... #
###.#.####
########## ......#


You could see a hobgoblin.

Vanquished Creatures
  An adder (D:2)
  2 dart slugs (D:1)
  A worm (D:2)
  3 ball pythons
  3 endoplasms
  A giant cockroach (D:1)
  5 goblins
  3 hobgoblins (D:1)
  2 quokkas (D:2)
  5 bats
  4 frilled lizards
  3 kobolds
  4 rats (D:1)
37 creatures vanquished.

Notes
Turn   | Place    | Note
-------+----------+-------------------------------------------
     0 | D:1      | danielguo94 the Minotaur Berserker began the quest for the
                  | Orb.
     0 | D:1      | Reached XP level 1. HP: 19/19 MP: 0/0
   145 | D:1      | You fall into a shaft and drop 1 floor!
   155 | D:2      | Reached XP level 2. HP: 27/27 MP: 1/1
   405 | D:2      | Reached XP level 3. HP: 28/33 MP: 2/2
   681 | D:1      | Reached ** piety under Trog
  1134 | D:2      | Noticed Sigmund
  1167 | D:2      | Slain by Sigmund

Illustrated notes

Levels and vault maps discovered:
D:1:      elethiomel_arrival_infinity_welcomes_careful_drivers, layout_basic,
          minmay_quantized
D:2:      layout_loops_cross, minmay_pentomino_pile, uniq_sigmund

Skill      XL: |  1  2 |
---------------+-------+-----
Axes           | 4 |  4.7
Fighting       | 4 |  4.3
Armour         | |  2.6
Dodging        | |  2.5

Action                   || total
-------------------------++-------
Melee: Hand axe          ||    92
       Headbutt          ||    10
       Punch             ||     2
Invok: Berserk           ||     2
       Trog's Hand       ||     1
  Use: Scroll            ||     1
       Potion            ||     1
 Stab: Sleeping          ||     1
Armor: Animal skin       ||    17
       Skin              ||     8
Dodge: Dodged            ||    57
